 Dungeon Crawl Stone Soup version 0.23.2-40-g277498a001 (webtiles) character file.

Game seed: 18325369648345116477

296 Martska the Ducker (level 6, -4/47 HPs)
             Began as a Merfolk Ice Elementalist on Oct 3, 2019.
             Killed by divine providence
             ... invoked by an orc priest
              (16 damage)
             ... on level 3 of the Dungeon.
             The game lasted 00:12:01 (4068 turns).

Martska the Ducker (Merfolk Ice Elementalist)       Turns: 4068, Time: 00:12:02

Health: -4/47      AC:  3    Str:  8    XL:     6   Next: 35%
Magic:  1/10       EV: 14    Int: 15    God:
Gold:   154        SH:  0    Dex: 16    Spells: 7/10 levels left

rFire    . . .     SeeInvis .   r - +0 trident (venom)
rCold    + . .     Gourm    .   (no shield)
rNeg     . . .     Faith    .   e - +0 leather armour (curse)
rPois    .         Spirit   .   (no helmet)
rElec    .         Reflect  .   (no cloak)
rCorr    .         Harm     .   (no gloves)
MR       .....                  (no boots)
Stlth    ++........             (no amulet)
HPRegen  0.15/turn              i - ring of protection from cold
MPRegen  0.12/turn              (no ring)

@: very slightly contaminated
A: change form in water, swift swim, stealthy swim
a: no special abilities


You were on level 3 of the Dungeon.
You were very hungry.

You visited 1 branch of the dungeon, and saw 3 of its levels.

You collected 154 gold pieces.

Inventory:

Hand Weapons
 d - a +0 short sword
 o - a +0 trident
 p - a +0 spear
 r - a +0 trident of venom (weapon)
Armour
 a - a +0 robe
 e - a cursed +0 leather armour (worn)
 n - a +0 leather armour
 q - a +0 helmet
 s - a cursed +0 robe
Jewellery
 i - a ring of protection from cold (left hand)
 j - an uncursed ring of fire {unknown}
Scrolls
 b - 2 scrolls of identify
 f - a scroll of enchant weapon {unknown}
 g - a scroll of teleportation {unknown}
 k - a scroll of random uselessness {unknown}
 l - a scroll of immolation {unknown}
 m - a scroll of amnesia {unknown}
Potions
 h - a potion of ambrosia
Comestibles
 c - 3 rations


   Skills:
 * Level 3.0 Fighting
 * Level 1.9 Polearms
 * Level 5.2 Dodging
 + Level 3.2 Stealth
 + Level 2.7 Spellcasting
 - Level 0.7 Conjurations
 + Level 4.1 Ice Magic


You had 7 spell levels left.
You knew the following spells:

 Your Spells              Type           Power        Failure   Level  Hunger
a - Freeze                Ice            ##..         5%          1    #......
b - Throw Frost           Conj/Ice       #.....       17%         2    ##.....

Your spell library contained the following spells:

 Spells                   Type           Power        Failure   Level  Hunger
 Ozocubu's Armour         Chrm/Ice       #.......     36%         3    ###....
 Throw Icicle             Conj/Ice       #.......     73%         4    #####..
 Summon Ice Beast         Ice/Summ       #.......     77%         4    #####..


Dungeon Overview and Level Annotations

Branches:
Dungeon (3/15)

Altars:
Hepliaklqana
The Shining One

Annotations:
D:2 Sigmund
D:3 Robin


Message History

Press: ? - help, Shift-Dir - straight line, f - orc
Aim: an orc, wielding a +0 war axe and wearing a +0 leather armour You freeze the orc.
The orc is severely wounded.
A jackal comes into view.
The orc hits you with a +0 war axe!
The jackal barks!
The orc priest looks encouraged for a moment.
The orc closely misses you.
A jackal comes into view.
The jackal barks!
You kill the orc!
The orc priest calls upon Beogh to heal the orc.
The orc's wounds heal themselves!
The orc priest mumbles some strange prayers to Beogh against you.
Beogh smites you!
* * * LOW HITPOINT WARNING * * *
The orc priest calls down the wrath of Beogh upon you.
Beogh smites you!
You die...

#.............
#hoh..........
#.o.[........
#.........# .o#
#######......### .o.
.............# #o#
########.###.# #o## ≈≈
#o.##.# #..###≈≈≈
#@.##.#
#o........≈≈.....##.#
#..........≈≈....##.#
##......≈≈....≈...##.#
..o....≈..≈≈..≈...##.#
##..[..≈....≈≈....##.#
##......≈≈⌠.......##.#
##.......⌠≈≈......##.#
###...≈≈....≈.....##.#


You could see 2 orc priests, an orc and 2 jackals.

Vanquished Creatures
  A scorpion (D:2)
  A hound (D:3)
  An orc priest (D:3)
  Jessica (D:3)
  Terence (D:3)
  2 adders (D:2)
  3 gnolls
  2 worms
  5 dart slugs
  2 leopard geckos
  5 orcs
  A giant cockroach (D:1)
  16 goblins
  6 hobgoblins
  3 jackals
  A quokka (D:2)
  9 bats
  3 frilled lizards
  6 kobolds
  5 rats
74 creatures vanquished.

Notes
Turn   | Place    | Note
-------+----------+-------------------------------------------
     0 | D:1      | Martska the Merfolk Ice Elementalist began the quest for
                  | the Orb.
     0 | D:1      | Reached XP level 1. HP: 13/13 MP: 3/3
   184 | D:1      | Reached skill level 3 in Dodging
   210 | D:1      | Reached XP level 2. HP: 4/20 MP: 0/5
   724 | D:1      | Reached skill level 1 in Fighting
   991 | D:1      | Reached XP level 3. HP: 18/26 MP: 0/6
  1434 | D:2      | Noticed a scorpion
  1439 | D:2      | Killed a scorpion
  1439 | D:2      | Reached skill level 4 in Dodging
  1439 | D:2      | Reached XP level 4. HP: 25/33 MP: 4/7
  1816 | D:2      | Learned a level 2 spell: Throw Frost
  2041 | D:2      | Found a glowing golden altar of the Shining One.
  2363 | D:2      | Found a hazy altar of Hepliaklqana.
  2482 | D:3      | Noticed Robin
  2501 | D:2      | Reached XP level 5. HP: 28/38 MP: 2/8
  2546 | D:2      | Noticed Sigmund
  3419 | D:3      | Noticed Terence
  3670 | D:3      | Reached skill level 1 in Polearms
  3681 | D:3      | Killed Terence
  3681 | D:3      | Reached skill level 5 in Dodging
  3681 | D:3      | Reached XP level 6. HP: 31/46 MP: 0/10
  4043 | D:3      | Noticed Jessica
  4049 | D:3      | Killed Jessica
  4068 | D:3      | Killed from afar by an orc priest

Skill      XL: |  1  2  3  4  5  6 |
---------------+-------------------+-----
Dodging        | 3 4 5 |  5.2
Fighting       | 1 2 3 |  3.0
Stealth        | 3 |  3.2
Ice Magic      | 4 |  4.1
Polearms       | 1 |  1.9
Spellcasting   | |  2.7
Conjurations   | |  0.7

Action                   |  1- 3 |  4- 6 || total
-------------------------+-------+-------++-------
Melee: Short sword       |    51 |    34 ||    85
       Trident           |       |    30 ||    30
       Spear             |       |     2 ||     2
 Cast: Freeze            |    27 |    59 ||    86
       Throw Frost       |       |    18 ||    18
  Use: Scroll            |       |     2 ||     2
 Stab: Sleeping          |     5 |     1 ||     6
       Distracted        |     1 |       ||     1
  Eat: Chunk             |     2 |     6 ||     8
       Ration            |       |     1 ||     1
Armor: Robe              |    15 |    13 ||    28
       Leather armour    |       |    24 ||    24
Dodge: Dodged            |    57 |   127 ||   184
